 Dungeon Crawl Stone Soup version 0.29.1-1-gd02db6906a (webtiles) character file.

Game seed: 15443811775683158996

100 corgi the Cudgeller (level 4, 0/45 HPs)
             Began as a Troll Berserker on Oct 9, 2022.
             Was a Believer of Trog.
             Slain by an orc
             ... wielding a +0 hand axe
              (2 damage)
             ... on level 4 of the Dungeon.
             The game lasted 00:02:45 (2135 turns).

corgi the Cudgeller (Troll Berserker)               Turns: 2135, Time: 00:02:45

Health: 0/45       AC:  4    Str: 25    XL:     4   Next: 46%
Magic:  3/3        EV: 10    Int:  3    God:    Trog [**....]
Gold:   248        SH:  0    Dex: 11    Spells: 3/3 levels left

rFire   . . .      SeeInvis .   a - +0 mace
rCold   . . .      Faith    .   (no shield)
rNeg    . . .      Spirit   .   b - +0 animal skin
rPois   .          Reflect  .   (helmet restricted)
rElec   .          Harm     .   (no cloak)
rCorr   .          Rampage  .   (gloves unavailable)
Will    .....                   (boots unavailable)
Stlth   +.........              (no amulet)
HPRegen 0.95/turn               (no ring)
MPRegen 0.08/turn               (no ring)

@: on berserk cooldown, slowed, very slow
A: large, unfitting armour, claws 3, regeneration 1, shaggy fur 1, tough skin 1
a: Renounce Religion, Berserk, Trog's Hand


You were on level 4 of the Dungeon.
You worshipped Trog.
Trog was pleased with you.
You visited 1 branch of the dungeon, and saw 4 of its levels.

You collected 248 gold pieces.

Inventory:

Hand Weapons
 a - a +0 mace (weapon)
Missiles
 j - 5 boomerangs (quivered)
Armour
 b - a +0 animal skin (worn)
Scrolls
 d - a scroll of fear {unknown}
 e - 2 scrolls of noise {unknown}
 f - 4 scrolls of teleportation {unknown}
 h - 2 scrolls of blinking {unknown}
 i - a scroll of vulnerability {unknown}
 o - a scroll of identify {unknown}
 q - a scroll of magic mapping {unknown}
Potions
 c - a potion of attraction {unknown}
 g - 5 potions of curing {unknown}
 k - a potion of magic {unknown}
 l - 2 potions of lignification {unknown}
 m - a potion of heal wounds {unknown}
 n - a potion of haste {unknown}
 p - a potion of brilliance {unknown}


   Skills:
 + Level 3.0 Fighting
 + Level 3.3 Maces & Flails
 + Level 3.0 Dodging
 + Level 1.9 Unarmed Combat


You had 3 spell levels left.
You didn't know any spells.
Your spell library was empty.

Dungeon Overview and Level Annotations

Branches:
Dungeon (4/15)
 Temple: D:4-7

Altars:
Qazlal


Innate Abilities, Weirdness & Mutations

You are too large for most types of armour.
You have claws for hands.
Your natural rate of healing is unusually fast.
You are covered in fur. (AC +1)
You have tough skin. (AC +1)


Message History

The gnoll hits you with a +0 spear. x2
You closely miss the gnoll.
The gnoll is heavily wounded.
The orc shouts!
The gnoll misses you.
The orc priest looks encouraged for a moment.
The gnoll hits you with a +0 spear. The gnoll barely misses you.
You sock the gnoll!
You kill the gnoll!
Trog accepts your kill.
The orc priest looks braver for a moment.
The orc barely misses you. The gnoll hits you with a +0 spear.
The gnoll hits you with a +0 spear!
Your Dodging skill increases to level 3!
You closely miss the orc. The orc hits you with a +0 whip.
The gnoll hits you with a +0 spear. x2
You are too injured to fight recklessly!
You are too injured to fight recklessly!
You are too injured to fight recklessly!
You are too injured to fight recklessly!
Unknown command.
You are no longer berserk.
You are exhausted.
You feel yourself slow down.
The orc priest hits you with a +0 flail!
* * * LOW HITPOINT WARNING * * *
The orc priest hits you with a +0 falchion.
* * * LOW HITPOINT WARNING * * *
The orc barely misses you.
Things that are here:
a +0 dagger; a +0 leather armour; an orc corpse You thump the orc priest!
The orc priest is moderately wounded.
The orc hits you but does no damage. The gnoll completely misses you.
The orc priest hits you with a +0 falchion.
* * * LOW HITPOINT WARNING * * *
The orc priest hits you with a +0 flail!
* * * LOW HITPOINT WARNING * * *
The orc hits you with a +0 hand axe.
You die...

#.........#.##
#............#
#............#
#......>.....#
#.............
#....)g.......
#)g# #.o# #o@#
#oo# #...
#...# ##..#
#..# ##.. ..


You could see 2 orc priests, 2 gnolls and 2 orcs.

Vanquished Creatures
  2 gnolls (D:4)
  An adder (D:2)
  A worm (D:3)
  2 dart slugs
  3 orcs (D:4)
  5 ball pythons
  7 endoplasms
  9 hobgoblins
  4 jackals (D:2)
  2 kobolds
  2 quokkas (D:1)
  4 bats
  6 frilled lizards
  6 goblins
  A rat (D:3)
55 creatures vanquished.

Notes
Turn   | Place    | Note
-------+----------+-------------------------------------------
     0 | D:1      | corgi the Troll Berserker began the quest for the Orb.
     0 | D:1      | Reached XP level 1. HP: 22/22 MP: 0/0
     6 | D:1      | Noticed an eight-headed hydra
     6 | D:1      | Noticed a black mamba
     6 | D:1      | Noticed a hound
     6 | D:1      | Noticed a polar bear
     6 | D:1      | Noticed an iguana
    80 | D:1      | Reached XP level 2. HP: 23/29 MP: 1/1
   291 | D:1      | Reached skill level 1 in Unarmed Combat
   362 | D:1      | Reached ** piety under Trog
   483 | D:1      | Reached XP level 3. HP: 36/36 MP: 2/2
  1900 | D:3      | Reached XP level 4. HP: 42/44 MP: 3/3
  1986 | D:3      | Found a stormy altar of Qazlal.
  2135 | D:4      | HP: 2/45 [orc priest/+0 flail (7)]
  2135 | D:4      | Slain by an orc

Illustrated notes

Levels and vault maps discovered:
D:1:      onia_arrival_zoo_common, layout_loops_ring
D:2:      wad_lake_hut, layout_loops_ring, corexii_leaking_fountain
D:3:      layout_basic, nicolae_qazlal_eye_of_the_storm
D:4:      layout_rooms, nzn_wu_jian_council_hall

Skill      XL: |  1  2  3  4 |
---------------+-------------+-----
Unarmed Combat | 1 |  1.9
Maces & Flails | 3 |  3.3
Fighting       | 3 |  3.0
Dodging        | 3 |  3.0

Action                   |  1- 3 |  4- 6 || total
-------------------------+-------+-------++-------
Melee: Mace              |   158 |    29 ||   187
       Punch             |     2 |       ||     2
Invok: Berserk           |       |     1 ||     1
 Stab: Sleeping          |     2 |       ||     2
Armor: Animal skin       |    64 |    10 ||    74
Dodge: Dodged            |    94 |    18 ||   112
